 Dungeon Crawl Stone Soup version 0.23-b1-49-g13d5857 (webtiles) character file.

Game seed: 14513319435709931031

886 dengdeng the Carver (level 7, -4/61 HPs)
             Began as a Minotaur Abyssal Knight on Feb 3, 2019.
             Was a Priest of Lugonu.
             Slain by Prince Ribbit (14 damage)
             ... on level 6 of the Dungeon.
             The game lasted 00:14:59 (5938 turns).

dengdeng the Carver (Minotaur Abyssal Knight)       Turns: 5938, Time: 00:15:00

Health: -4/61      AC: 13    Str: 19    XL:     7   Next: 76%
Magic:  7/7        EV:  8    Int:  9    God:    Lugonu [***...]
Gold:   282        SH:  0    Dex:  9    Spells: 6/6 levels left

rFire    x . .     SeeInvis .   a - +1 falchion
rCold    + . .     Gourm    .   (no shield)
rNeg     . . .     Faith    .   r - +0 chain mail
rPois    .         Spirit   .   (helmet restricted)
rElec    .         Reflect  .   (no cloak)
rCorr    .         Harm     .   q - +2 pair of gloves
MR       .....                  (no boots)
Stlth    ..........             (no amulet)
HPRegen  0.20/turn              n - ring of ice
MPRegen  0.10/turn              (no ring)

@: lethally poisoned (-4 -> -5)
A: retaliatory headbutt, horns 2
a: Depart the Abyss, Bend Space, Banish, Renounce Religion


You were on level 6 of the Dungeon.
You worshipped Lugonu.
Lugonu was most pleased with you.
You were not hungry.

You visited 1 branch of the dungeon, and saw 7 of its levels.
You visited the Abyss 1 time.

You collected 282 gold pieces.

Inventory:

Hand Weapons
 a - a +1 falchion (weapon)
Missiles
 k - 33 stones (quivered)
 o - 8 javelins
 p - 4 tomahawks
Armour
 q - a +2 pair of gloves (worn)
 r - a +0 chain mail (worn)
Jewellery
 n - a ring of ice (left hand)
Wands
 t - a wand of digging (6)
 w - a wand of disintegration (13)
 A - a wand of iceblast (5)
 B - a wand of flame (21)
Scrolls
 b - 3 scrolls of enchant weapon {unknown}
 d - a scroll of noise {unknown}
 e - 2 scrolls of blinking {unknown}
 h - 11 scrolls of identify {unknown}
 j - 3 scrolls of teleportation {unknown}
 s - 2 scrolls of fog {unknown}
 u - a scroll of magic mapping {unknown}
 x - a scroll of enchant armour {unknown}
 y - 2 scrolls of remove curse {unknown}
 C - a scroll of fear {unknown}
 H - a scroll of amnesia {unknown}
Potions
 f - 2 potions of cancellation {unknown}
 g - 6 potions of curing {unknown}
 i - a potion of brilliance {unknown}
 l - 2 potions of heal wounds {unknown}
 m - 3 potions of degeneration {unknown}
 v - 2 potions of lignification {unknown}
 z - a potion of agility {unknown}
 D - a potion of mutation {unknown}
 E - a potion of flight {unknown}
 F - a potion of might
 G - a potion of invisibility {unknown}
Comestibles
 c - 14 rations


   Skills:
 + Level 5.1 Fighting
 * Level 8.0 Long Blades
 + Level 0.6 Throwing
 + Level 5.6 Armour
 + Level 2.5 Dodging
 + Level 0.9 Stealth
 + Level 2.0 Invocations


You had 6 spell levels left.
You didn't know any spells.
Your spell library was empty.

Dungeon Overview and Level Annotations

Branches:
Dungeon (7/15)             Temple (0/1) D:5

Altars:
Dithmenos
Elyvilon

Annotations:
D:6 Prince Ribbit


Innate Abilities, Weirdness & Mutations

You reflexively headbutt those who attack you in melee.
You have a pair of horns on your head.


Message History

Prince Ribbit hits you!
The iguana hisses menacingly.
Prince Ribbit hits you!
* * * LOW HITPOINT WARNING * * *
You feel sick.
There is a stone staircase leading up here.
Prince Ribbit hits you but does no damage.
The worker ant misses you. You furiously retaliate!
You headbutt the worker ant, but do no damage.
You riposte.
You barely miss the worker ant.
You climb upwards.
You feel sick.
There is a stone staircase leading down here.
Unknown command.
You can't go up here!
You hit Prince Ribbit.
Prince Ribbit is heavily wounded.
Prince Ribbit hits you but does no damage.
The worker ant bites you but does no damage.
Prince Ribbit hits you!
You die...

#......(...................รท....
#.##############################
#.# #.# #.# ########### #.# #####
#.......... #.##########...#
#.######### ##.#.......##...##
#.# #### ............+..F@# #.#
#... ##+#.#...#.##...a#
###.######.## ........>.....##.#
#..........# .....#.....##.##.#
#.#.######### .....#.....##.##.#
#.#.##....... .....#.....##..#.#
#.#.##.###### .....#.....###.#.#
#.#.##.# .....#.....# #...#
#.#....# ####.#.....#
##..####'######


You could see Prince Ribbit and a worker ant.

Vanquished Creatures
  A hornet zombie (D:6)
  A sky beast (D:6)
  A black bear (D:5)
  2 ogres
  A bullfrog (D:6)
  A water moccasin zombie (D:5)
  A hound (D:6)
  An orc priest (D:6)
  An orc wizard (D:6)
  A bullfrog skeleton (D:6)
  Jessica (D:2)
  Ijyb (D:3)
  2 hound zombies
  A gnoll (D:1)
  3 adders
  An ooze (D:1)
  4 worms
  6 dart slugs
  6 leopard geckos
  3 orcs
  4 giant cockroaches
  3 goblins
  8 hobgoblins
  3 kobolds
  2 quokkas (D:6)
  A ball python (D:3)
  10 bats
  8 frilled lizards
  11 rats
89 creatures vanquished.

Notes
Turn   | Place    | Note
-------+----------+-------------------------------------------
     0 | Abyss:1  | dengdeng the Minotaur Abyssal Knight began the quest for
                  | the Orb.
     0 | Abyss:1  | Reached XP level 1. HP: 19/19 MP: 1/1
    11 | D:1      | Escaped the Abyss
    43 | D:1      | Reached skill level 3 in Long Blades
   144 | D:1      | Reached XP level 2. HP: 27/27 MP: 2/2
   525 | D:1      | You fall through a shaft!
   545 | D:1      | Reached XP level 3. HP: 33/33 MP: 3/3
  1040 | D:1      | Reached ** piety under Lugonu
  1429 | D:2      | Noticed Jessica
  1443 | D:2      | Killed Jessica
  1443 | D:2      | Reached skill level 4 in Long Blades
  1443 | D:2      | Reached XP level 4. HP: 40/41 MP: 4/4
  2085 | D:3      | Noticed Ijyb
  2106 | D:3      | Killed Ijyb
  2171 | D:3      | Reached XP level 5. HP: 47/47 MP: 5/5
  2181 | D:3      | Reached *** piety under Lugonu
  2485 | D:3      | Reached skill level 5 in Long Blades
  2926 | D:4      | Found a white marble altar of Elyvilon.
  3032 | D:4      | Noticed an ogre
  3039 | D:4      | Killed an ogre
  3454 | D:5      | Entered Level 5 of the Dungeon
  3589 | D:5      | Found a shadowy altar of Dithmenos.
  3679 | D:5      | Found a staircase to the Ecumenical Temple.
  3956 | D:5      | Noticed a black bear
  3966 | D:5      | Killed a black bear
  3966 | D:5      | Reached skill level 6 in Long Blades
  3966 | D:5      | Reached XP level 6. HP: 40/55 MP: 6/6
  4738 | D:6      | Reached skill level 7 in Long Blades
  4738 | D:6      | Reached XP level 7. HP: 56/60 MP: 7/7
  4766 | D:6      | Reached skill level 5 in Fighting
  4835 | D:6      | Reached skill level 5 in Armour
  5783 | D:6      | Reached skill level 8 in Long Blades
  5922 | D:7      | Noticed Prince Ribbit
  5938 | D:6      | Slain by Prince Ribbit

Skill      XL: |  1  2  3  4  5  6  7 |
---------------+----------------------+-----
Long Blades    | 3 4 6 7 8 |  8.0
Fighting       | 4 5 |  5.1
Invocations    | 2 |  2.0
Armour         | 3 4 5 |  5.6
Dodging        | 2 |  2.5
Throwing       | |  0.6
Stealth        | |  0.9

Action                   |  1- 3 |  4- 6 |  7- 9 || total
-------------------------+-------+-------+-------++-------
Melee: Falchion          |    79 |   123 |    69 ||   271
       Headbutt          |     6 |    20 |    15 ||    41
Throw: Stone             |       |    13 |     2 ||    15
  Eat: Chunk             |     2 |     6 |     4 ||    12
       Ration            |       |     1 |       ||     1
Armor: Ring mail         |    25 |    33 |       ||    58
       Chain mail        |       |    32 |    39 ||    71
Dodge: Dodged            |    34 |    58 |    24 ||   116
       Rpst.: Falchion   |     7 |    17 |     9 ||    33
